 Dungeon Crawl Stone Soup version 0.29.0-11-gd7f09526c8 (webtiles) character file.

Game seed: 6876262971446129932

210 LabCoat the Chopper (level 5, -9/46 HPs)
             Began as a Hill Orc Fighter on Sept 1, 2022.
             Mangled by an ogre
             ... wielding a +0 giant club
              (20 damage)
             ... on level 4 of the Dungeon on Sept 2, 2022.
             The game lasted 00:08:44 (2373 turns).

LabCoat the Chopper (Hill Orc Fighter)              Turns: 2373, Time: 00:08:44

Health: -9/46      AC:  9    Str: 21    XL:     5   Next: 87%
Magic:  0/5        EV: 11    Int:  8    God:
Gold:   149        SH:  4    Dex: 10    Spells: 4/4 levels left

rFire   . . .      SeeInvis +   a - +0 war axe
rCold   . . .      Faith    .   c - +0 buckler
rNeg    . . .      Spirit   +   e - +0 chain mail
rPois   .          Reflect  .   (no helmet)
rElec   .          Harm     .   (no cloak)
rCorr   .          Rampage  .   (no gloves)
Will    .....                   (no boots)
Stlth   ..........              f - amulet of guardian spirit
HPRegen 0.15/turn               l - ring of see invisible
MPRegen 0.09/turn               m - +4 ring of evasion

@: no status effects
A: deterioration 1
a: no special abilities


You were on level 4 of the Dungeon.
You visited 1 branch of the dungeon, and saw 4 of its levels.

You collected 149 gold pieces.

Inventory:

Hand Weapons
 a - a +0 war axe (weapon)
 b - a +0 club
 r - a +0 mace
Armour
 c - a +0 buckler (worn)
 e - a +0 chain mail (worn)
Jewellery
 d - an amulet of faith
 f - an amulet of guardian spirit (around neck)
 l - a ring of see invisible (left hand)
 m - a +4 ring of evasion (right hand)
 n - a +4 ring of slaying
 o - a ring of wizardry
Scrolls
 i - a scroll of magic mapping
 j - a scroll of fear
Potions
 g - 2 potions of brilliance
 h - a potion of ambrosia
 k - 2 potions of mutation
 q - a potion of invisibility {unknown}


   Skills:
 + Level 4.3 Fighting
 * Level 6.5 Axes
 + Level 4.1 Armour
 + Level 0.1 Dodging
 + Level 3.5 Shields


You had 4 spell levels left.
You didn't know any spells.
Your spell library contained the following spells:

 Spells                   Type           Power      Damage    Failure   Level
 Slow                     Hex            0%         N/A       99%         1
 Ensorcelled Hibernation  Hex/Ice        0%         N/A       100%        2
 Passwall                 Tmut/Erth      0%         N/A       100%        2
 Confusing Touch          Hex            0%         N/A       100%        3
 Swiftness                Air            0%         N/A       100%        3
 Vampiric Draining        Necr           0%         2d6       100%        3


Dungeon Overview and Level Annotations

Branches:
Dungeon (4/15)
 Temple: D:4-7

Altars:
Elyvilon
Wu Jian

Shops:
D:1 :


Innate Abilities, Weirdness & Mutations

Your body sometimes deteriorates upon taking damage.


Message History

A kobold comes into view. It is wielding a +0 dagger.
The kobold shouts!
The kobold moves out of view.
You now have 149 gold pieces (gained 6).
A kobold is nearby!
The kobold misses you.
You hit the kobold.
You kill the kobold!
You start resting.
Magic restored.
You start resting.
A goblin comes into view. It is wielding a +0 club.
The goblin shouts!
You barely miss the goblin. The goblin hits you with a +0 club.
You slash the goblin!
You kill the goblin!
Things that are here:
a +0 club; 6 stones; a goblin corpse You start resting.
HP restored.
Found an escape hatch in the floor.
Found a spear.
A kobold comes into view.
It is wielding a +0 whip and quivering poisoned darts.
Found 6 stones.
The kobold shouts!
The ogre shouts!
The kobold throws a poisoned dart.
The poisoned dart misses you.
Found 4 stones.
You hit the ogre.
The ogre is moderately wounded.
The ogre hits you with a +0 giant club!!
Ouch! That really hurt!
You hit the ogre.
The ogre is moderately wounded.
The ogre hits you with a +0 giant club!
* * * LOW HITPOINT WARNING * * *
It was a potion of mutation.
You feel extremely strange.
You feel yourself wasting away.
You feel more energetic.
You feel less energetic.
The ogre hits you with a +0 giant club!!
You die...

#.#.)..#.# #..#
#.#....#.# # #..
#........#.##
#..###....).......
...........†....##
#.#####.....###.#
#.# #....)# .# #.#
#.###.# # #@# #.#
#... #O#####.###.#.#
#K..........#.#
.(.#####.##.#####.##
# ...?O.......# .#
.....>...#### #.
...K..#[)#
........#(
......#..##


You could see an ogre and a kobold.

Vanquished Creatures
  Natasha (thrice) (D:3)
  Terence (D:3)
  2 adders
  An ufetubus (D:4)
  A worm (D:2)
  3 dart slugs
  3 orcs
  2 bats
  4 endoplasms
  2 giant cockroaches (D:3)
  5 hobgoblins
  12 jackals (D:1)
  4 quokkas
  7 ball pythons
  A frilled lizard (D:1)
  7 goblins
  3 kobolds
  6 rats
67 creatures vanquished.

Vanquished Creatures (others)
  15 plants (D:3)
15 creatures vanquished.

Grand Total: 82 creatures vanquished

Notes
Turn   | Place    | Note
-------+----------+-------------------------------------------
     0 | D:1      | LabCoat the Hill Orc Fighter began the quest for the Orb.
     0 | D:1      | Reached XP level 1. HP: 19/19 MP: 1/1
   103 | D:1      | Reached skill level 3 in Axes
   103 | D:1      | Reached XP level 2. HP: 22/27 MP: 2/2
   263 | D:1      | Found Jinwutt's Vocational Training.
   378 | D:1      | Reached XP level 3. HP: 33/33 MP: 3/3
   703 | D:1      | Reached skill level 4 in Axes
   895 | D:1      | Upgraded the game from 0.29.0-7-g18a832c13a to
                  | 0.29.0-11-gd7f09526c8
  1298 | D:2      | Reached XP level 4. HP: 40/40 MP: 4/4
  1410 | D:2      | Found a faded altar of an unknown god.
  1696 | D:3      | Noticed Natasha
  1696 | D:3      | Noticed Terence
  1701 | D:3      | Killed Terence
  1702 | D:3      | Reached skill level 5 in Axes
  1706 | D:3      | Killed Natasha
  1707 | D:3      | Reached XP level 5. HP: 36/46 MP: 5/5
  1791 | D:3      | Noticed Natasha
  1800 | D:3      | Killed Natasha
  1841 | D:3      | Noticed Natasha
  1849 | D:3      | Killed Natasha
  1850 | D:3      | Reached skill level 6 in Axes
  1977 | D:3      | Found a white marble altar of Elyvilon.
  2146 | D:3      | Found an ornate altar of the Wu Jian Council.
  2195 | D:4      | Noticed an ogre
  2373 | D:4      | Gained mutation: Your body sometimes deteriorates upon
                  | taking damage. [potion of mutation]
  2373 | D:4      | Gained mutation: You have an increased reservoir of magic.
                  | (+10% MP) [potion of mutation]
  2373 | D:4      | Lost mutation: You have an increased reservoir of magic.
                  | (+10% MP) [potion of mutation]
  2373 | D:4      | Mangled by an ogre

Illustrated notes

Levels and vault maps discovered:
D:1:      wheals_arrival_linesprint, layout_loops_ring, minivault_11,
          hangedman_decor_growths, nicolae_shop_vocational
D:2:      layout_rooms, ebering_ecumenical_altar_mist,
          amcnicky_mini_rare_corridor_liquid, fountainhead,
          nicolae_kite_square_tiling_tiny
D:3:      layout_rooms, pdpol_wu_jian_five_deadly_venoms,
          mainiacjoe_overflow_six_doors_small, serial_bayou_lagoon_a,
          uniq_natasha, uniq_terence
D:4:      layout_loops_ring, serial_shops, nicolae_shop_hallway_stairs,
          sigmund_army

Skill      XL: |  1  2  3  4  5 |
---------------+----------------+-----
Axes           | 3 4 5 6 |  6.5
Fighting       | 4 |  4.3
Armour         | 4 |  4.1
Dodging        | |  0.1
Shields        | |  3.5

Action                   |  1- 3 |  4- 6 || total
-------------------------+-------+-------++-------
Melee: War axe           |   102 |    68 ||   170
  Use: Scroll            |     3 |     6 ||     9
       Potion            |       |     2 ||     2
Armor: Chain mail        |    65 |    13 ||    78
Dodge: Dodged            |    32 |    32 ||    64
Block: Buckler           |    26 |    25 ||    51
